Rangin, chaotic male elven Ranger -- --- --- ---.-- |.. ---.---....| |..-- |.........- -...--|.........| |Gd--........- |.h@........-| --...........-- --..^...<.....| --.............-- |...............| --..............-- |..............-- |.............-- ---...........| |...........-- |............| --.--........| -----.|.--.-- -------- Rangin the Tenderfoot Experience level: 1 Strength: 13 Dexterity: 10 Constitution: 16 Intelligence: 14 Wisdom: 14 Charisma: 7 Health: 0(13) Energy: 5(5) Def: 11 Gold: 410 Moves: 2422 Dungeon seed: etd7fKFsgYi0pIab Game ID: Rangin_1641306557 Your Inventory: Weapons d - an uncursed +1 elven dagger (weapon in hand) e - an uncursed +1 elven bow (alternate weapon; not wielded) h - an uncursed +0 war hammer w - 16 uncursed +0 darts x - an uncursed +0 flail C - a blessed +0 elven dagger H - an uncursed +0 elven dagger I - an uncursed +0 sling L - a cursed +0 dagger M - 59 uncursed +2 elven arrows P - 32 uncursed +0 elven arrows (in quiver) Q - an uncursed +0 dagger T - an uncursed +1 dagger Armor b - an uncursed +2 elven cloak (being worn) n - an uncursed +0 elven leather helm r - an uncursed +0 plate mail (being worn) y - an uncursed +0 orcish helm (being worn) J - an uncursed +0 alchemy smock Comestibles f - 3 uncursed lembas wafers S - an uncursed tripe ration Scrolls o - an uncursed scroll of enchant weapon A - an uncursed scroll of genocide Spellbooks p - an uncursed spellbook of light O - an uncursed spellbook of summoning Potions l - an uncursed potion of blindness m - 2 uncursed potions of gain energy G - a cursed potion of levitation Wands g - an uncursed wand of slow monster (0:5) B - an uncursed wand of lightning (0:5) Tools k - an uncursed lock pick v - an uncursed tin opener R - an uncursed pair of lenses Gems q - an uncursed jet stone N - an uncursed worthless piece of black glass Coins $ - 410 gold pieces Spells and supernatural/magical abilities: Name Level Category Cost Memory W - pray for help -- divine ? -- Your skills at the end: Fighting Skills wands [Basic] Weapon Skills dagger [Basic] bow [Basic] Spellcasting Skills Final Attributes: You were fervently aligned. You were immune to sleep. You saw invisible. You had automatic searching. You had infravision. You were stealthy. Mars was noncommittal. You are dead. Vanquished creatures: a gnome lord 2 dwarves 2 acid blobs 2 coyotes a gas spore 3 hobbits a hobgoblin a yellow mold 3 gnomes a gecko 2 jackals 3 kobolds 4 goblins 4 grid bugs 3 lichens 5 newts 38 creatures vanquished. Voluntary challenges: You were an atheist. You never hit with a wielded weapon. You were a pacifist. You were illiterate. You never genocided any monsters. You never polymorphed an object. You never changed form. You used no wishes. You never split a pudding. You never wrote Elbereth's name. You never violated your personal moral code. Dungeon overview: The Dungeons of Doom: levels 1 to 5 Level 1 a fountain a long staircase Level 2 some fountains, a vault stairs to The Gnomish Mines Level 3 a fountain, a vault Level 4 a fountain Level 5 The Gnomish Mines: Level 3 <- You were here stairs to The Dungeons of Doom History has recorded: On T:1 you entered the Dungeons of Doom to retrieve the Amulet of Yendor! On T:61 you reached level 2 of The Dungeons of Doom. On T:457 you reached level 1 of The Gnomish Mines. On T:740 you reached level 3 of The Dungeons of Doom. On T:1335 you reached level 4 of The Dungeons of Doom. On T:1988 you reached level 5 of The Dungeons of Doom. Score breakdown: Gold: 410 ( 8891 points) Experience: 1 level ( 0 points) Exploration: 5 levels ( 10.42%) ( 8751 points) Discoveries: 2 items ( 0.68%) ( 2470 points) Valuables value: (no points given unless you survive) Artifact value: 0 ( 0 points) Variety of kills: 16 monsters ( 4.21%) ( 6155 points) Turncount: 2422 turns ( -283 points) Survival: died (score multiplied by 80%) Total score: 20787 Latest messages: The dwarf queen wields a dagger! The dagger welds itself to the dwarf queen's hand! Sirius bites the dwarf queen. The dwarf queen thrusts her dagger at Sirius. The dwarf queen hits Sirius. The dwarf queen thrusts her dagger at Sirius. The dwarf queen misses Sirius. Sirius bites the dwarf queen. The dwarf queen thrusts her dagger at Sirius. The dwarf queen misses Sirius. The dwarf queen thrusts her dagger at Sirius. The dwarf queen hits Sirius. You displace Sirius. The dwarf queen seems lethargic. Sirius bites the dwarf queen. The dwarf queen thrusts her dagger at Sirius. The dwarf queen hits Sirius. The dwarf queen thrusts her dagger at Sirius. The dwarf queen misses Sirius. You are beginning to feel hungry. You displace Sirius. The dwarf queen thrusts her dagger at you. The dwarf queen hits! The dwarf queen thrusts her dagger at you. The dwarf queen hits! You die... Final status: Goodbye Rangin the Ranger, killed by a dwarf queen... You died in The Gnomish Mines on dungeon level 3 with 20787 points, and 410 pieces of gold, after 2422 moves. You were level 1 with a maximum of 13 hit points when you died.